 Dungeon Crawl Stone Soup version 0.26-a0-651-gb41185065b (webtiles) character file.

Game seed: 16464923601091564617

52212 zak163 the Fencer (level 14, -1/127 HPs)
             Began as a Minotaur Fighter on Oct 23, 2020.
             Was a Plaything of Xom.
             Slain by a saltling (19 damage)
             ... in the Desolation of Salt on Oct 26, 2020.
             The game lasted 01:19:59 (17482 turns).

zak163 the Fencer (Minotaur Fighter)               Turns: 17482, Time: 01:19:59

Health: -1/127     AC: 47    Str: 37    XL:     14   Next: 26%
Magic:  13/13      EV:  9    Int: 11    God:    Xom [..*...]
Gold:   1863       SH: 15    Dex: 15    Spells: 13/13 levels left

rFire    . . .     SeeInvis .   e - +5 demon blade of Eternal Vigilance {venom, Int+4}
rCold    . . .     Faith    .   c - +0 kite shield
rNeg     . . .     Spirit   .   p - +27 Lear's hauberk
rPois    .         Reflect  .   (helmet currently unavailable)
rElec    +         Harm     .   d - +1 cloak
rCorr    .         Rampage  .   (gloves currently unavailable)
MR       +....                  (boots currently unavailable)
Stlth    ..........             K - amulet of regeneration
HPRegen  0.71/turn              b - +6 ring of strength
MPRegen  0.13/turn              k - ring "Xivaraq" {*Slow rElec AC+4 Str+4 Int+6}

@: lethally poisoned (-1 -> -2), stab
A: retaliatory headbutt, horns 2, agile 2, dopey 2, shaggy fur 1, strong 1, wild
magic 1
a: Renounce Religion


You were in the Desolation of Salt.
You worshipped Xom.
You were a toy of Xom.
You visited 5 branches of the dungeon, and saw 17 of its levels.
You visited 1 bazaar.
You also visited: Sewer and Desolation.

You collected 2283 gold pieces.
You spent 420 gold pieces at shops.

Inventory:

Hand Weapons
 e - the +5 demon blade of Eternal Vigilance (weapon) {venom, Int+4}
   (You acquired it on level 11 of the Dungeon)

   It poisons the flesh of those it strikes.
   It affects your intelligence (+4).
 u - a +8 long sword of freezing
Armour
 c - a +0 kite shield (worn)
 d - a +1 cloak (worn)
 p - the +27 Lear's hauberk (worn)
   (You found it on level 7 of the Dungeon)
Jewellery
 b - a +6 ring of strength (left hand)
 k - the ring "Xivaraq" (right hand) {*Slow rElec AC+4 Str+4 Int+6}
   (You acquired it on level 2 of the Elven Halls)

   [ring of protection]

   It affects your AC (+4).
   It affects your strength (+4).
   It affects your intelligence (+6).
   It insulates you from electricity.
   It may slow you when you take damage.
 m - an uncursed amulet of guardian spirit {unknown}
 n - an uncursed amulet of faith
 K - an amulet of regeneration (around neck)
Wands
 h - a wand of acid (9)
Scrolls
 i - 5 scrolls of remove curse
 j - 8 scrolls of teleportation
 w - a scroll of holy word
 F - 2 scrolls of fog
 N - 3 scrolls of enchant weapon
 O - a scroll of magic mapping
Potions
 a - a potion of haste
 f - a potion of cancellation {unknown}
 g - 2 potions of heal wounds
 l - a potion of berserk rage
 s - 2 potions of brilliance
 z - 2 potions of flight
 M - 3 potions of stabbing
Miscellaneous
 t - a phantom mirror


   Skills:
 + Level 12.8 Fighting
 * Level 18.6 Long Blades
 + Level 13.0 Armour
 + Level 14.1 Shields


You had 13 spell levels left.
You didn't know any spells.
Your spell library contained the following spells:

 Spells                   Type           Power        Failure   Level
 Apportation              Tloc           #.....       80%         1
 Corona                   Hex            #......      80%         1
 Foxfire                  Conj/Fire      #...         80%         1
 Magic Dart               Conj           #...         80%         1
 Sandblast                Erth           #.....       80%         1
 Shock                    Conj/Air       #...         80%         1
 Ensorcelled Hibernation  Hex/Ice        #.....       90%         2
 Passwall                 Tmut/Erth      #.......     90%         2
 Searing Ray              Conj           #.....       90%         2
 Swiftness                Air            #.......     90%         2
 Confusing Touch          Hex            #.......     98%         3
 Dazzling Flash           Conj/Hex       #.....       98%         3
 Lesser Beckoning         Tloc           #.........   98%         3
 Static Discharge         Conj/Air       #.......     98%         3
 Stone Arrow              Conj/Erth      #.....       98%         3
 Tukima's Dance           Hex            #.......     98%         3
 Airstrike                Air            #.........   100%        4
 Fulminant Prism          Conj/Hex       #.........   100%        4
 Iskenderun's Mystic Bla  Conj/Tloc      #.......     100%        4
 Petrify                  Tmut/Erth      #.......     100%        4
 Alistair's Intoxication  Tmut/Pois      #........    100%        5
 Lee's Rapid Deconstruct  Erth           #.........   100%        5
 Lightning Bolt           Conj/Air       #.........   100%        5
 Freezing Cloud           Conj/Ice/Air   #.........   100%        6
 Invisibility             Hex            #.......     100%        6
 Orb of Destruction       Conj           #.........   100%        7


Dungeon Overview and Level Annotations

Branches:
Dungeon (11/15)            Temple (1/1) D:7            Lair (1/6) D:8
    Orc (2/2) D:11            Elf (2/3) Orc:2         Sewer (visited)
Desolation (1/1)

Altars:
Ashenzari
Fedhas
Hepliaklqana
Nemelex Xobeh
Qazlal
Ru
Uskayaw
Vehumet
Wu Jian
Xom
Yredelemnul
Beogh

Shops:
D:9 =   D:10 (   Orc:2 *([=   Elf:1 *

Portals:
Abyss: Elf:2
Bazaar: Elf:2

Annotations:
Elf:2 2 transporters, Ughingeq's ghost, adept FoFi


Innate Abilities, Weirdness & Mutations

You reflexively headbutt those who attack you in melee.
You have a pair of horns on your head.
You are very agile. (Dex +4)
You are very dopey. (Int -4)
You are covered in fur. (AC +1)
Your muscles are strong. (Str +2)
Your spells are a little harder to cast, but a little more powerful.


Message History

The saltlings go into a battle-frenzy!
The saltling hits you but does no damage.
Your ragged hierophant points at the guardian serpent and mumbles some strange words.
A blast of power from the earth strikes the guardian serpent!
You block the saltling's attack. The saltling barely misses you.
You furiously retaliate!
You headbutt the saltling. You closely miss the guardian serpent.
The guardian serpent is severely wounded.
You feel sick. You block the saltling's attack.
The guardian serpent hits you but does no damage.
Your four-headed hydra bites the saltling! x2
Your four-headed hydra bites the saltling but does no damage. x2
The saltling hits you but does no damage.
You block the saltling's attack.
You barely miss the guardian serpent.
Your headbutt misses the guardian serpent.
The guardian serpent is severely wounded.
The saltling hits your four-headed hydra!
You block the saltling's attack. The saltling hits you!!
You die...

...............
................
.§.§§§..........
§§§§§............
§§.#§.............
§..§§.............
§§.§§.8S8...........
§§§§88@8.......#...
§§.§§.88p...........
§.§§§§.D............
§§§§§§..............
§§§§§§..............
§§§...##............
§.....#............
...........∩.......
...................


You could see a peacekeeper (sheltered), a guardian serpent (sheltered,
extremely poisoned), 6 saltlings, a friendly ragged hierophant (charmed) and a
friendly four-headed hydra (summoned).

Vanquished Creatures
  Frances (Elf:1)
  An orc warlord (Orc:2)
  A deep elf annihilator (Elf:1)
  2 deep elf high priests (Elf:1)
  The ghost of EnegeticOcto the Cleaver, a journeyman DDDe of Ru (Orc:2)
  Erolcha (D:10)
  Erica (D:11)
  2 two-headed ogres
  2 dancing weapons
  An orc high priest (Orc:2)
  2 deep elf knights (Elf:1)
  4 deep elf archers
  A mana viper (Elf:1)
  3 orc knights (Orc:2)
  25 deep elf magi
  2 orc sorcerers (Orc:2)
  4 elephants (Lair:1)
  A black mamba (Lair:1)
  Maggie (D:10)
  A freezing wraith (D:10)
  A komodo dragon (Lair:1)
  4 blink frogs (Lair:1)
  8 trolls
  3 hippogriffs
  3 saltlings (Desolation)
  A wyvern (Lair:1)
  A redback (shapeshifter) (Elf:2)
  2 water elementals
  A wraith (D:10)
  A vampire (D:11)
  2 fire elementals (Elf:1)
  A basilisk (D:10)
  An air elemental (Elf:1)
  9 yaks
  Grum (D:11)
  3 vampire mosquitoes (D:11)
  4 wargs
  5 water moccasins
  4 soldier ants (D:9)
  2 porcupines (Lair:1)
  21 orc warriors
  3 ice beasts
  A sky beast (D:11)
  Purgy (Sewer)
  A black bear (D:9)
  2 phantoms
  15 ogres
  25 wolves
  4 centaurs
  2 crocodiles (Lair:1)
  7 bullfrogs
  An earth elemental (Elf:1)
  2 wyvern zombies
  A wyvern skeleton (D:11)
  3 scorpions
  16 killer bees
  22 wights
  5 electric eels (D:8)
  8 howler monkeys
  A bullfrog zombie (D:11)
  7 hounds
  2 bullfrog skeletons
  A jelly (D:5)
  19 orc priests
  Crazy Yiuf (D:3)
  Terence (D:2)
  12 orc wizards
  2 iguanas
  11 worker ants
  A hound zombie (D:6)
  A hound skeleton (D:5)
  4 gnolls (D:4)
  3 worker ant zombies
  13 adders
  4 shadow imps
  3 white imps
  An ufetubus (D:3)
  An ooze (D:1)
  2 adder zombies
  2 worms
  3 dart slugs
  6 leopard geckos
  45 orcs
  14 giant cockroaches
  10 goblins
  7 hobgoblins
  15 jackals
  8 quokkas
  5 ball pythons
  6 bats
  4 frilled lizards
  10 kobolds
  2 leopard gecko skeletons
  2 quokka skeletons
  3 rats (D:1)
  A spectral orc (D:6)
487 creatures vanquished.

Vanquished Creatures (collateral kills)
  An orc sorcerer (Orc:2)
  A troll (Orc:2)
  An orc warrior (Orc:2)
  An ogre (D:4)
  A killer bee (D:9)
  A howler monkey (D:9)
  2 orc wizards
  A shadow imp (D:9)
  An adder zombie (D:9)
  2 orcs (Orc:2)
12 creatures vanquished.

Vanquished Creatures (others)
  An orc high priest (Orc:2)
  2 killer bees (D:11)
  2 adders
  14 fungi
  6 plants
25 creatures vanquished.

Grand Total: 524 creatures vanquished

Notes
Turn   | Place    | Note
-------+----------+-------------------------------------------
     0 | D:1      | zak163 the Minotaur Fighter began the quest for the Orb.
     0 | D:1      | Reached XP level 1. HP: 19/19 MP: 0/0
   237 | D:1      | Reached XP level 2. HP: 27/27 MP: 1/1
   979 | D:2      | Reached skill level 3 in Long Blades
  1063 | D:2      | Reached XP level 3. HP: 33/33 MP: 2/2
  1378 | D:2      | Found a blossoming altar of Fedhas.
  1599 | D:2      | Noticed Terence
  1612 | D:2      | Killed Terence
  1612 | D:2      | Reached XP level 4. HP: 40/40 MP: 3/3
  1614 | D:2      | Reached skill level 4 in Long Blades
  2026 | D:2      | Found a broken altar of Ashenzari.
  2454 | D:3      | Reached XP level 5. HP: 47/47 MP: 4/4
  2727 | D:3      | Found a hide-covered altar of Uskayaw.
  2796 | D:3      | Reached skill level 5 in Long Blades
  3089 | D:3      | Found a runed translucent door.
  3090 | D:3      | Noticed Crazy Yiuf
  3103 | D:3      | Killed Crazy Yiuf
  3531 | D:4      | Found a radiant altar of Vehumet.
  3561 | D:4      | Found a glowing drain.
  3578 | Sewer    | Entered a sewer
  3609 | Sewer    | Reached XP level 6. HP: 53/53 MP: 5/5
  3671 | Sewer    | Noticed Purgy
  3678 | Sewer    | Killed Purgy
  3678 | Sewer    | Reached skill level 6 in Long Blades
  3678 | Sewer    | Reached skill level 5 in Shields
  3834 | D:4      | Found a shimmering altar of Xom.
  3852 | D:4      | Became a worshipper of Xom of Chaos
  3947 | D:4      | XOM: divination: detect items
  3978 | D:4      | Reached skill level 7 in Long Blades
  3978 | D:4      | Reached XP level 7. HP: 43/60 MP: 6/6
  4258 | D:4      | Found a sacrificial altar of Ru.
  4357 | D:4      | XOM: potion effect (brilliance)
  4362 | D:4      | Reached skill level 5 in Armour
  4476 | D:4      | Reached skill level 5 in Fighting
  4760 | D:5      | Entered Level 5 of the Dungeon
  4761 | D:5      | XOM: butterfly on damage
  4763 | D:5      | XOM: butterfly on damage
  4775 | D:5      | Reached skill level 8 in Long Blades
  4913 | D:5      | XOM: cloud trail
  4955 | D:5      | XOM: scenery: summon butterflies
  4989 | D:5      | XOM: confuse monster(s)
  5301 | D:5      | XOM: summons 4 hostile demons
  5304 | D:5      | Reached XP level 8. HP: 67/68 MP: 7/7
  5332 | D:5      | XOM: cleaving
  5352 | D:5      | Reached skill level 9 in Long Blades
  5375 | D:5      | XOM: 3-stop teleportation journey
  5568 | D:5      | Gained mutation: You are dopey. (Int -2) [potion of
                  | mutation]
  5568 | D:5      | Gained mutation: Your magical capacity is low. (-10% MP)
                  | [potion of mutation]
  5568 | D:5      | Gained mutation: You are agile. (Dex +2) [potion of
                  | mutation]
  5804 | D:5      | XOM: god gift: scroll of teleportation
  5850 | D:5      | XOM: cloud trail
  5879 | D:5      | XOM: summons friendly quasit
  5971 | D:5      | XOM: divination: detect items
  6127 | D:6      | XOM: cleaving
  6128 | D:6      | XOM: fog
  6197 | D:6      | XOM: chaos upgrade
  6408 | D:6      | Reached skill level 10 in Long Blades
  6650 | D:6      | Found a basalt altar of Yredelemnul.
  6741 | D:6      | XOM: god gift: 56 gold pieces
  6900 | D:6      | XOM: snakes to sticks
  6947 | D:6      | Reached XP level 9. HP: 46/75 MP: 7/7
  6975 | D:6      | XOM: enchant monster (good)
  7352 | D:7      | Found a sparkling altar of Nemelex Xobeh.
  7737 | D:7      | XOM is BORED!
  7742 | D:7      | Found the +27 Lear's hauberk
  7808 | D:7      | Reached skill level 11 in Long Blades
  7956 | D:7      | Found a staircase to the Ecumenical Temple.
  8012 | D:7      | XOM: god gift: 7 silver javelins
  8049 | D:7      | Got a heavily runed ring mail
  8156 | D:7      | XOM: 3-stop teleportation journey
  8328 | D:8      | XOM: confuse monster(s)
  8432 | D:8      | Found a staircase to the Lair.
  8432 | D:8      | Noticed a troll
  8474 | D:8      | Killed a troll
  8474 | D:8      | Reached skill level 12 in Long Blades
  8588 | D:8      | XOM: give mutations
  8588 | D:8      | Gained mutation: You are very dopey. (Int -4) [Xom's
                  | mischief]
  8588 | D:8      | Gained mutation: You are frail. (-10% HP) [Xom's mischief]
  8588 | D:8      | Lost mutation: You are frail. (-10% HP) [Xom's mischief]
  8588 | D:8      | Lost mutation: Your magical capacity is low. (-10% MP)
                  | [Xom's mischief]
  9056 | D:8      | Found a stormy altar of Qazlal.
  9056 | D:8      | XOM: swap monsters
  9058 | D:8      | XOM: enchant monster (bad)
  9150 | D:8      | Found a hazy altar of Hepliaklqana.
  9367 | Lair:1   | Entered Level 1 of the Lair of Beasts
  9396 | Lair:1   | Found a gate leading to a gauntlet.
  9396 | Lair:1   | Noticed a komodo dragon
  9402 | Lair:1   | Killed a komodo dragon
  9402 | Lair:1   | Reached XP level 10. HP: 86/86 MP: 9/9
  9412 | Lair:1   | XOM: noise
  9441 | Lair:1   | Noticed an elephant
  9442 | Lair:1   | Noticed an elephant
  9448 | Lair:1   | Reached skill level 13 in Long Blades
  9450 | Lair:1   | Noticed an elephant
  9453 | Lair:1   | XOM: potion effect (stabbing)
  9455 | Lair:1   | XOM: potion effect (experience)
  9455 | Lair:1   | Reached skill level 14 in Long Blades
  9455 | Lair:1   | Reached skill level 10 in Armour
  9455 | Lair:1   | Reached XP level 11. HP: 85/95 MP: 10/10
  9477 | Lair:1   | XOM: potion effect (stabbing)
  9484 | Lair:1   | XOM: potion effect (curing)
  9618 | Lair:1   | Reached skill level 10 in Shields
  9639 | Lair:1   | XOM: silly message
  9661 | Lair:1   | XOM: potion effect (berserk rage)
  9668 | Lair:1   | Got a bloodstained rapier
  9711 | Lair:1   | Identified the +3 rapier of the Tundras {speed, rC- rN+
                  | Dex+5} (You found it on level 1 of the Lair of Beasts)
  9838 | Lair:1   | XOM: divination: detect creatures
  9913 | Lair:1   | XOM: divination: magic mapping
  9946 | Lair:1   | Reached skill level 15 in Long Blades
 10148 | Lair:1   | XOM: god gift: book of Party Tricks
 10181 | Lair:1   | XOM: god gift: 11 arrows
 10675 | Temple   | Entered the Ecumenical Temple
 10746 | D:9      | XOM: cast spell 'Metabolic Englaciation'
 10764 | D:9      | XOM: cast spell 'Monstrous Menagerie'
 10900 | D:9      | XOM: god gift: scroll of teleportation
 10943 | D:9      | Found a runed translucent gate.
 10943 | D:9      | Found a runed translucent gate.
 10951 | D:9      | Found a runed translucent door.
 10951 | D:9      | Found a runed translucent gate.
 10960 | D:9      | Found a runed translucent door.
 10964 | D:9      | Found the +9 staff of Olgreb {rPois∞}
 11014 | D:9      | XOM: divination: detect items
 11045 | D:9      | XOM: blink monster(s)
 11076 | D:9      | XOM: blink monster(s)
 11080 | D:9      | Reached XP level 12. HP: 90/106 MP: 11/11
 11283 | D:9      | XOM: confuse monster(s)
 11375 | D:9      | XOM: noise
 11436 | D:9      | Found Weruqies's Jewellery Shoppe.
 11463 | D:9      | Bought an uncursed amulet of regeneration for 420 gold
                  | pieces
 11658 | D:9      | Reached skill level 10 in Fighting
 11803 | D:9      | XOM: god gift: 5 atropa-tipped darts
 11936 | D:9      | Identified a scroll of acquirement
 12006 | D:10     | Entered Level 10 of the Dungeon
 12042 | D:10     | Noticed Erolcha
 12043 | D:10     | Paralysed by Erolcha for 7 turns
 12047 | D:10     | XOM: scenery: 1 doors open
 12059 | D:10     | Killed Erolcha
 12208 | D:10     | Noticed a two-headed ogre
 12215 | D:10     | Killed a two-headed ogre
 12299 | D:10     | Reached skill level 16 in Long Blades
 12320 | D:10     | XOM: god gift: 56 gold pieces
 12376 | D:10     | Found a roughly hewn altar of Beogh.
 12445 | D:10     | XOM: cloud trail
 12632 | D:10     | XOM: enchant monster (bad)
 12663 | D:10     | Noticed Maggie
 12677 | D:10     | Killed Maggie
 12727 | D:10     | Found Fyllackip's Weapon Shop.
 13060 | D:11     | Acquired the +5 demon blade of Eternal Vigilance {venom,
                  | Int+4}
 13086 | D:11     | Found a staircase to the Orcish Mines.
 13162 | D:11     | XOM: chaos cloud
 13185 | D:11     | Noticed Erica
 13197 | D:11     | Killed Erica
 13368 | D:11     | Noticed Grum
 13383 | D:11     | Killed Grum
 13397 | D:11     | XOM: 1-stop teleportation journey
 13851 | Orc:1    | Entered Level 1 of the Orcish Mines
 13934 | Orc:1    | XOM: give mutations
 13934 | Orc:1    | Gained mutation: You are covered in fur. (AC +1) [Xom's
                  | grace]
 13934 | Orc:1    | Gained mutation: Your muscles are strong. (Str +2) [Xom's
                  | grace]
 13934 | Orc:1    | Gained mutation: Your spells are a little harder to cast,
                  | but a little more powerful. [Xom's grace]
 14020 | Orc:1    | XOM is BORED!
 14020 | Orc:1    | XOM: 1-stop teleportation journey
 14238 | Orc:1    | XOM: god gift: steaming glaive {god gift}
 14243 | Orc:1    | Got a steaming glaive {god gift}
 14266 | Orc:2    | Entered Level 2 of the Orcish Mines
 14267 | Orc:2    | Noticed an orc warlord
 14302 | Orc:2    | XOM: enchant monster (bad)
 14310 | Orc:2    | XOM: potion effect (invisibility)
 14337 | Orc:2    | Killed an orc warlord
 14337 | Orc:2    | Reached XP level 13. HP: 104/116 MP: 12/12
 14339 | Orc:2    | Reached skill level 17 in Long Blades
 14341 | Orc:2    | Found Voxulaed's Antique Weapon Shoppe.
 14341 | Orc:2    | XOM: 3-stop teleportation journey
 14406 | Orc:2    | Found Wain's Antique Armour Emporium.
 14406 | Orc:2    | XOM: summons friendly quasit
 14412 | Orc:2    | Paralysed by an orc sorcerer for 5 turns
 14516 | Orc:2    | Found Hoilewar's General Store.
 14631 | Orc:2    | XOM: god gift: blackened lead wand {god gift}
 14634 | Orc:2    | XOM: cast spell 'Summon Ice Beast'
 14634 | Orc:2    | XOM: smoke on damage
 14644 | Orc:2    | XOM: cast spell 'Disjunction'
 14653 | Orc:2    | XOM: cast spell 'Discord'
 14767 | Orc:2    | Found Fisiogoh's Jewellery Shoppe.
 14777 | Orc:2    | Found a staircase to the Elven Halls.
 14886 | Orc:2    | Found a transporter.
 14889 | Orc:2    | Noticed EnegeticOcto's ghost (journeyman DDDe)
 14901 | Orc:2    | Found a transporter.
 14914 | Orc:2    | XOM: potion effect (stabbing)
 14915 | Orc:2    | Killed EnegeticOcto's ghost
 14917 | Orc:2    | XOM: divination: magic mapping
 14990 | Orc:2    | Acquired 769 gold pieces
 15142 | Orc:2    | XOM: divination: magic mapping
 15181 | Orc:2    | XOM: scenery: create altars
 15278 | Orc:2    | Found a flickering gateway to a bazaar.
 15411 | Bazaar   | Entered a bazaar
 15411 | Bazaar   | Found Peof's Magic Scroll Emporium.
 15418 | Bazaar   | Found Oppoiwue's Antique Armour Boutique.
 15447 | Bazaar   | Found Edamit's Jewellery Emporium.
 15458 | Bazaar   | Found Jeve's Antique Weapon Shop.
 15466 | Bazaar   | Found Ijiuloc's General Store.
 15540 | Elf:1    | Entered Level 1 of the Elven Halls
 15658 | Elf:1    | XOM: scenery: 1 doors open, 1 doors close
 15712 | Elf:1    | XOM: smoke on damage
 15737 | Elf:1    | XOM: divination: magic mapping
 15805 | Elf:1    | XOM: noise
 15808 | Elf:1    | XOM: enchant monster (bad)
 15838 | Elf:1    | XOM: destruction
 15840 | Elf:1    | XOM: fake destruction
 15849 | Elf:1    | XOM: god gift: twisted runed staff {god gift}
 16132 | Elf:1    | Reached skill level 18 in Long Blades
 16261 | Elf:1    | Noticed a deep elf annihilator
 16272 | Elf:1    | XOM: butterfly on damage
 16277 | Elf:1    | Killed a deep elf annihilator
 16359 | Elf:1    | XOM: give mutation
 16359 | Elf:1    | Gained mutation: You are very agile. (Dex +4) [Xom's grace]
 16402 | Elf:1    | Identified Vehumet's Collected Works on Battle Magic
 16582 | Elf:1    | Reached XP level 14. HP: 127/127 MP: 13/13
 16637 | Elf:1    | Found Yxtez's General Store.
 16640 | Elf:1    | Noticed Frances
 16645 | Elf:1    | XOM: cast spell 'Cause Fear'
 16651 | Elf:1    | XOM: potion effect (might)
 16657 | Elf:1    | Killed Frances
 16658 | Elf:1    | XOM: summons friendly white imp
 16663 | Elf:1    | XOM: confuse monster(s)
 16670 | Elf:1    | XOM: polymorph deep elf archer -> mana viper
 17088 | Elf:2    | Found a transporter.
 17091 | Elf:2    | Found a one-way gate to the infinite horrors of the Abyss.
 17091 | Elf:2    | Noticed Ughingeq's ghost (adept FoFi)
 17091 | Elf:2    | Noticed an Executioner
 17092 | Elf:2    | Noticed a white very ugly thing
 17093 | Elf:2    | Noticed a Hell Sentinel
 17094 | Elf:2    | Identified the +7 scimitar of Sloth {distort, *Noise rN+
                  | Str+4}
 17097 | Elf:2    | Noticed a tentacled starspawn
 17097 | Elf:2    | Noticed a cacodemon
 17133 | Elf:2    | XOM: potion effect (invisibility)
 17154 | Elf:2    | Found a transporter.
 17201 | Elf:2    | Acquired the ring "Xivaraq" {*Slow rElec AC+4 Str+4 Int+6}
 17239 | Elf:2    | Noticed an Ice Fiend
 17243 | Elf:2    | Noticed a balrug
 17246 | Elf:2    | XOM: smoke on damage
 17251 | Elf:2    | Found a flickering gateway to a bazaar.
 17262 | Elf:2    | XOM: repel stairs
 17420 | Elf:2    | XOM: silly message
 17426 | Elf:2    | Found a ruined gateway.
 17458 | Desolati | Entered the Desolation of Salt
 17467 | Desolati | XOM: potion effect (stabbing)
 17477 | Desolati | XOM: cast spell 'Summon Hydra'
 17480 | Desolati | XOM: enchant monster (good)
 17482 | Desolati | Slain by a saltling

Illustrated notes

Levels and vault maps discovered:
D:1:      dpeg_arrival_arbitrary_b, layout_basic, minivault_27,
          corexii_leaking_fountain, moated_statue
D:2:      kb_forest_paths, layout_basic, ashenzari_conservatory_becter,
          nicolae_overflow_crystal_walls, uniq_terence
D:3:      layout_rooms, lemuel_doored_altar, chequers_mini_garden,
          uniq_crazy_yiuf_cottage
D:4:      layout_basic, kennysheep_little_box, overflow_temple_1_default,
          portal_sewer_entry_f, hangedman_ru_absence
D:5:      layout_loops_ring
D:6:      layout_basic, yredelemnul_forgotten_temple_becter
D:7:      layout_basic, nemelex_xobeh_ov_fountains_minmay,
          minmay_temple_entry_gardened_gates
D:8:      layout_basic, grunt_qazlal_sundering, marbit_many_paths,
          erik_lair_island, minivault_5
D:9:      layout_loops_ring, serial_shops, nicolae_shop_waterfront,
          minmay_statues_item, minmay_guarded_unrand_staff_of_olgreb
D:10:     layout_roguey, serial_shops, shop, serial_glass, glass_columns_a,
          glass_columns_a, david_defended_altar_orc, uniq_erolcha, uniq_maggie
D:11:     layout_small_grid, erik_orc_4, lemuel_old_faithful, uniq_erica,
          uniq_grum
Temple:   nicolae_temple_figure_eight
Lair:1:   layout_long_grid, gauntlet_entry_generic, grunt_forest_large_clearings
Orc:1:    layout_caves
Orc:2:    grunt_orc_gardens, layout_caves, grunt_orc_garden, grunt_orc_garden,
          grunt_orc_garden, grunt_orc_garden, gammafunk_ghost_arena,
          serial_shops, bzr_entry_safe
Elf:1:    eino_elf_arrival_customs, layout_gridlike, serial_shops, shop,
          minmay_elf_annihilation, hangedman_decor_cross_pass, uniq_frances
Elf:2:    layout_onion_city, serial_shops, freezing_bzr,
          gammafunk_ghost_abyssal_escape, nicolae_trove_entry_path_of_doom,
          portal_desolation_entry_nicolae_slug, minivault_16
Desolation

Skill      XL: |  1  2  3  4  5  6  7  8  9 10 11 12 13 14 |
---------------+-------------------------------------------+-----
Armour         | 4 5 6 7 10 11 12 13 | 13.0
Long Blades    | 3 4 5 7 8 10 12 14 15 16 18 | 18.6
Fighting       | 4 5 6 7 8 9 11 12 | 12.8
Shields        | 4 5 7 8 9 10 12 13 14 | 14.1

Action                   |  1- 3 |  4- 6 |  7- 9 | 10-12 | 13-15 || total
-------------------------+-------+-------+-------+-------+-------++-------
Melee: Long sword        |    92 |   153 |   270 |   372 |       ||   887
       Headbutt          |    11 |    23 |    70 |   147 |    83 ||   334
       Great sword       |       |       |    13 |       |       ||    13
       Demon blade       |       |       |       |   205 |   326 ||   531
  Use: Scroll            |     4 |     2 |     9 |    14 |     3 ||    32
       Potion            |       |     2 |     6 |     3 |     4 ||    15
 Stab: Invisible         |       |       |       |     1 |     3 ||     4
       Distracted        |       |       |       |       |     1 ||     1
Armor: Scale mail        |    55 |    65 |    69 |       |       ||   189
       Chain mail        |       |       |    56 |   220 |   167 ||   443
       Skin              |       |       |     1 |       |       ||     1
Dodge: Dodged            |    31 |    46 |    69 |   169 |    82 ||   397
Block: Kite shield       |    50 |    85 |   124 |   312 |   208 ||   779
       Rpst.: Long sword |     7 |     6 |    14 |    23 |       ||    50
       Great sword       |       |       |     2 |       |       ||     2
       Demon blade       |       |       |       |    21 |    11 ||    32

Table legend: (Time is in decaauts)
 A = Elapsed time spent in this place.
 B = Non-inter-level travel time spent in this place.
 C = Inter-level travel time spent in this place.
 D = Time resting spent in this place.
 E = Time spent auto-exploring this place.
 F = Levels seen in this place.
 G = Mean time per level.
                   A        B        C        D        E       F      G
               +--------+--------+--------+--------+--------+-----+--------+
         Total |  17315 |  16829 |    486 |   4551 |   5628 |  20 |  865.8 |
       Dungeon |  12334 |  11944 |    390 |   3408 |   3935 |  11 | 1121.3 |
        Temple |     20 |     20 |      0 |      0 |      0 |   1 |   20.0 |
          Lair |   1243 |   1197 |     46 |    184 |    533 |   1 | 1243.0 |
  Orcish Mines |   1514 |   1514 |      0 |    245 |    584 |   2 |  757.0 |
   Elven Halls |   1897 |   1848 |     49 |    713 |    536 |   2 |  948.5 |
        Bazaar |     98 |     98 |      0 |      0 |     40 |   1 |   98.0 |
         Sewer |    188 |    188 |      0 |      0 |      0 |   1 |  188.0 |
    Desolation |     17 |     17 |      0 |      0 |      0 |   1 |   17.0 |
               +--------+--------+--------+--------+--------+-----+--------+

Top non-repeatable levels by time:
   Elf:1: 1522 daAuts
     D:2: 1450 daAuts
     D:5: 1320 daAuts
     D:6: 1257 daAuts
  Lair:1: 1243 daAuts
     D:9: 1239 daAuts
   Orc:2: 1123 daAuts
     D:3: 1100 daAuts
     D:4: 1097 daAuts
     D:8: 1090 daAuts
     D:7: 1004 daAuts
    D:10: 992 daAuts
     D:1: 990 daAuts
    D:11: 790 daAuts
   Orc:1: 391 daAuts
